Cogmind - Beta 13 @@@ ROGUE MODE // 2024.07.11 @ 15:20:17 Player: celerysam Result: Destroyed by H-55 Commando with Gauss Rifle Performance ------------- Evolutions (2) 1000 Regions Visited (4) 800 Robots Destroyed (23) 115 Value Destroyed (567) 567 Prototype IDs (1) 20 Alien Tech Used (0) 0 Bonus (0) 0 TOTAL SCORE: 2502 Bonus ------- None Cogmind --------- Core Integrity 0/550 Matter 21/300 Energy 114/265 System Corruption 0% Temperature Cool (9) Movement Hovering (51) Location -8/Materials Parts ------- > --- POWER (2) -------- Improved Ion Engine > --- PROPULSION (4) --- Airjet Aerolev Unit > --- UTILITY (3) ------ Structural Scanner > --- WEAPON (2) ------- (None) > --- INVENTORY (5) ---- Improved Ion Engine Carbon-fiber Leg Compact Wheel Peak State ------------ > --- POWER ------------ Light Deuterium Engine > --- PROPULSION ------- Flight Unit Flight Unit Flight Unit Flight Unit > --- UTILITY ---------- Cooling System Small Storage Unit Seismic Detector > --- WEAPON ----------- Autogun Mini Grenade Launcher > --- INVENTORY -------- Ion Engine Light Ion Engine Wheel Compact Wheel Armored Wheel EM Pulse Gun Particle Cannon Plasma Cutter [Rating: 16] Favorites ----------- Power Light Ion Engine Engine Light Ion Engine Propulsion Flight Unit Wheel Wheel Hover Unit Aerolev Unit Flight Unit Flight Unit Utility Small Storage Unit Device Seismic Detector Storage Small Storage Unit Weapon EM Pulse Gun Energy Gun EM Pulse Gun Energy Cannon Particle Cannon Ballistic Gun Autogun Launcher Mini Grenade Launcher Special Weapon Plasma Cutter Build | -11 -10 -9 -9 -8 ------- Run | Yrd Mat Mat Min Mat Slots Evolved 4 | . . 2 . 2 Power 1 | . . . . 1 Propulsion 2 | . . 2 . . Utility 1 | . . . . 1 Weapon . | . . . . . Parts Attached 37 | 4 4 9 . 20 Power 8 | . . 1 . 7 Engine 8 | . . 1 . 7 Core . | . . . . . Reactor . | . . . . . Propulsion 13 | 2 . 5 . 6 Treads . | . . . . . Leg . | . . . . . Wheel 6 | 2 . . . 4 Hover 2 | . . . . 2 Flight 5 | . . 5 . . Utility 6 | 1 2 1 . 2 Device 3 | . 1 . . 2 Storage 3 | 1 1 1 . . Processor . | . . . . . Hackware . | . . . . . Protection . | . . . . . Artifact . | . . . . . Weapon 10 | 1 2 2 . 5 Energy Gun 3 | 1 . . . 2 Energy Cannon 1 | . . . . 1 Ballistic Gun 2 | . 1 1 . . Ballistic Cannon . | . . . . . Launcher 3 | . 1 1 . 1 Special Weapon 1 | . . . . 1 Impact Weapon . | . . . . . Slashing Weapon . | . . . . . Piercing Weapon . | . . . . . Special Melee Weapon . | . . . . . Unidentified Prototypes 1 | . . . . 1 Parts Lost 21 | . . 1 . 20 Power 3 | . . . . 3 Propulsion 9 | . . 1 . 8 Utility 3 | . . . . 3 Weapon 6 | . . . . 6 Highest Loss Streak 20 | . . 1 . 20 To Critical Strikes . | . . . . . Average Slot Usage (%) 75 | . 83 100 100 56 Engine 5 | . . 11 11 7 Wheel 12 | . 28 . . 10 Flight 15 | . . 44 44 10 Device 9 | . 12 11 11 7 Storage 10 | . 14 11 11 8 Energy Gun 5 | . 14 2 . 2 Energy Cannon 2 | . . . . 4 Ballistic Gun 7 | . 9 9 11 4 Launcher 4 | . 4 9 11 1 Naked Turns 1 | . . . . 1 Heaviest Build 26 | 7 26 14 13 20 Greatest Support 38 | 26 26 16 16 38 Greatest Overweight (x) 2 | . . 1 . 2 Average Overweight (x) . | . . . . . Largest Inventory Capacity 15 | 8 15 15 8 8 Average Capacity 9 | 7 13 8 8 7 Most Carried 15 | 8 15 14 8 8 Average Carried 7 | 5 10 8 8 5 Final Capacity 15 | 8 15 8 8 5 Final Carried 15 | 8 15 8 8 3 Class Distribution -------------------- 74% | Mutant 25% | Scavenger-Sprinter Dominant Class ---------------- Mutant | -10/Materials Scavenger-Sprinter | -9/Materials Scavenger-Sprinter | -9/Mines Mutant | -8/Materials Resources | -11 -10 -9 -9 -8 ----------- Run | Yrd Mat Mat Min Mat Matter Collected 402 | 213 46 3 . 140 Remotely . | . . . . . Salvage Created 628 | . 80 37 8 503 Parts 45 | . 5 11 . 29 Haulers Intercepted . | . . . . . Recyclers Shooed 1 | . . . . 1 Parts Field Recycled . | . . . . . Retrieved Matter . | . . . . . Parts Self-Destructed . | . . . . . Prevented . | . . . . . Kills | -11 -10 -9 -9 -8 ------- Run | Yrd Mat Mat Min Mat Combat Hostiles Destroyed 19 | . 3 4 1 11 Guns 2 | . 2 . . . Cannons 7 | . . . . 7 AOE 10 | . 1 4 1 4 Classes Destroyed 9 | . 2 3 1 3 Worker 1 | . . . . 1 Builder 1 | . . 1 . . Tunneler 1 | . . 1 . . Recycler 1 | . . . . 1 Operator 1 | . . 1 . . Swarmer 8 | . 2 4 . 2 Grunt 6 | . 1 . . 5 Sentry 4 | . . . . 4 Assembled 1 | . . . 1 . Best Kill Streak 7 | . 2 7 1 6 Combat Bots Only 5 | . 2 4 1 5 Max Kills in Single Turn 4 | . 1 3 1 4 Gunslinging . | . . . . . Exploded 2 | . 1 2 1 2 Melee . | . . . . . Uniques/NPCs Destroyed . | . . . . . Combat | -11 -10 -9 -9 -8 -------- Run | Yrd Mat Mat Min Mat Hostile Shots Fired 192 | . 8 31 6 147 Missed 63 | . 3 16 3 41 Damage Taken 1905 | . 42 189 39 1635 Core 642 | . 18 71 . 553 Absorbed by Shields . | . . . . . Core Remaining (%) 91 | 100 92 . 82 . Volleys Fired 51 | . 6 4 1 40 Largest 2 | . 2 2 2 2 Hottest 108 | . 70 63 53 108 Shots Fired 83 | . 7 8 2 66 Gun 46 | . 5 5 1 35 Cannon 26 | . . . . 26 Launcher 11 | . 2 3 1 5 Special . | . . . . . Kinetic 27 | . . 4 1 22 Thermal 26 | . . . . 26 Explosive 11 | . 2 3 1 5 Electromagnetic 19 | . 5 1 . 13 Robot Hit Streak 11 | . 3 . 2 11 Robot Miss Streak 2 | . 1 2 . 2 Penetration Max . | . . . . . Secondary Targets . | . . . . . Shots Hit Robots 50 | . 3 . 2 45 Core Hits 42 | . 3 10 2 27 Critical Kills . | . . . . . Critical Parts Destroyed 1 | . . . . 1 Critical Strikes 1 | . . . . 1 Destroy 1 | . . . . 1 Melee Attacks . | . . . . . Impact . | . . . . . Slashing . | . . . . . Piercing . | . . . . . Sneak Attacks . | . . . . . Combat Hostiles . | . . . . . Follow-up Attacks . | . . . . . Damage Inflicted 1948 | . 80 435 114 1319 Guns 424 | . 53 14 13 344 Cannons 408 | . . . . 408 Explosions 1111 | . 27 421 101 562 Melee . | . . . . . Ramming 5 | . . . . 5 Kinetic 255 | . . 14 13 228 Thermal 537 | . . . . 537 Explosive 982 | . 27 421 101 433 Electromagnetic 169 | . 53 . . 116 Impact . | . . . . . Slashing . | . . . . . Piercing . | . . . . . Highest Corruption . | . . . . . Average Corruption . | . . . . . Corruption Purged . | . . . . . Corruption Blocked . | . . . . . Overload Shots . | . . . . . Overflow Damage 33 | . . 22 11 . Projectiles . | . . . . . Explosions 33 | . . 22 11 . Melee . | . . . . . Knockbacks . | . . . . . Impact . | . . . . . Kinetic . | . . . . . Secondary . | . . . . . Self-Inflicted Damage 124 | . . 37 . 87 Shots 4 | . . 2 . 2 Rammed 1 | . . . . 1 Targets Rammed 1 | . . . . 1 Kicked . | . . . . . Crushed . | . . . . . Highest Temperature 124 | . 4 24 18 124 Average Temperature 21 | . 3 11 10 25 Received Heat Transfer 735 | . 6 33 21 675 Siege Activations . | . . . . . Robots Corrupted . | . . . . . Combat Hostiles . | . . . . . Parts Fried . | . . . . . Impact Corruptions . | . . . . . Robots Melted . | . . . . . Combat Hostiles . | . . . . . Parts Melted 1 | . . . . 1 Heat Transferred 890 | . . . . 890 Parts Sabotaged . | . . . . . Parts Stolen . | . . . . . Parts Stripped . | . . . . . Power Chain Reactions 1 | . . . . 1 Alert | -11 -10 -9 -9 -8 ------- Run | Yrd Mat Mat Min Mat Peak Influence 253 | . 89 221 110 253 Initial 85 | . . 37 85 42 Average 86 | . 19 129 107 130 Maximum Alert Level 1 | . . 1 . 1 Low Security (%) 94 | 100 100 81 100 93 Level 1 5 | . . 18 . 6 Level 2 . | . . . . . Level 3 . | . . . . . Level 4 . | . . . . . Level 5 . | . . . . . High Security . | . . . . . Max Security . | . . . . . Squads Dispatched 5 | . 1 1 . 3 Investigation 1 | . . 1 . . Extermination . | . . . . . Reinforcement 3 | . 1 . . 2 Assault . | . . . . . Garrison 1 | . . . . 1 Intercept . | . . . . . Searches Triggered . | . . . . . Construction Impeded 1 | . . . . 1 Haulers Reinforced . | . . . . . Active Scanning Responses . | . . . . . Cargo Convoy Interrupts . | . . . . . Stealth | -11 -10 -9 -9 -8 --------- Run | Yrd Mat Mat Min Mat Distress Signals 5 | . . 1 . 4 Communications Jammed . | . . . . . Distress Signals . | . . . . . Times Spotted 55 | . 5 16 16 18 Peak Tracking Total 17 | . 3 13 17 7 Tactical Retreats 4 | . . 1 1 2 Traps | -11 -10 -9 -9 -8 ------- Run | Yrd Mat Mat Min Mat Traps Triggered . | . . . . . Indirectly . | . . . . . Trap Hack Attempts . | . . . . . Triggered . | . . . . . Disarmed . | . . . . . Reprogrammed . | . . . . . Reused . | . . . . . Traps Extracted . | . . . . . Installed . | . . . . . Triggered . | . . . . . Machines | -11 -10 -9 -9 -8 ---------- Run | Yrd Mat Mat Min Mat Machines Disabled . | . . . . . Max in Single Turn . | . . . . . Machines Repaired . | . . . . . Machines Dismantled . | . . . . . Machines Sabotaged . | . . . . . Overloaded Fab Kills . | . . . . . Hacking | -11 -10 -9 -9 -8 --------- Run | Yrd Mat Mat Min Mat Machines Accessed 5 | . 2 3 . . Terminals 5 | . 2 3 . . Fabricators . | . . . . . Repair Stations . | . . . . . Recycling Units . | . . . . . Scanalyzers . | . . . . . Garrison Access . | . . . . . Total Hacks 12 | . 5 7 . . Successful 4 | . . 4 . . Failed 8 | . 5 3 . . Catastrophic . | . . . . . Database Lockouts . | . . . . . Manual 9 | . 3 6 . . Terminals 12 | . 5 7 . . Fabricators . | . . . . . Repair Stations . | . . . . . Recycling Units . | . . . . . Scanalyzers . | . . . . . Garrison Access . | . . . . . Terminal Hacks 1 | . . 1 . . Zone Layout 1 | . . 1 . . Fabricator Hacks . | . . . . . Repair Station Hacks . | . . . . . Recycling Unit Hacks . | . . . . . Scanalyzer . | . . . . . Garrison Access Hacks . | . . . . . Unauthorized Hacks 3 | . . 3 . . Terminals 3 | . . 3 . . Assimilate 3 | . . 3 . . Fabricators . | . . . . . Repair Stations . | . . . . . Recycling Units . | . . . . . Scanalyzers . | . . . . . Garrison Access . | . . . . . Data Cores Recovered . | . . . . . Used . | . . . . . Hacking Detections 5 | . 2 3 . . Full Trace Events 1 | . . 1 . . Feedback Events . | . . . . . Feedback Blocked . | . . . . . Robot Schematics Acquired . | . . . . . Robots Built . | . . . . . Authchips . | . . . . . Time . | . . . . . Total Robot Build Rating . | . . . . . Part Schematics Acquired . | . . . . . Parts Built . | . . . . . Authchips . | . . . . . Time . | . . . . . Total Part Build Rating . | . . . . . Parts Repaired . | . . . . . Time . | . . . . . Parts Recycled . | . . . . . Recycled Matter . | . . . . . Retrieved Matter . | . . . . . Retrieved Components . | . . . . . Parts Scanalyzed . | . . . . . Part Schematics Acquired . | . . . . . Parts Damaged . | . . . . . Bothacking | -11 -10 -9 -9 -8 ------------ Run | Yrd Mat Mat Min Mat Used RIF Installer . | . . . . . Robots Hacked . | . . . . . Non-combat . | . . . . . Combat . | . . . . . Robot Hacks Applied . | . . . . . Relay Couplers Released . | . . . . . Fabnet Peak Effective % . | . . . . . Robots Rewired . | . . . . . Allies Hacked . | . . . . . Hacks Repelled . | . . . . . Allies | -11 -10 -9 -9 -8 -------- Run | Yrd Mat Mat Min Mat Total Allies . | . . . . . Largest Group . | . . . . . Highest-Rated Group . | . . . . . Highest-Rated Ally . | . . . . . Total Orders . | . . . . . Ally Attacks . | . . . . . Total Damage . | . . . . . Kills . | . . . . . Allies Corrupted . | . . . . . Allies Melted . | . . . . . Intel | -11 -10 -9 -9 -8 ------- Run | Yrd Mat Mat Min Mat Robot Analysis Total . | . . . . . Derelict Logs Recovered 1 | . . . 1 . Drone Launches . | . . . . . Drone Recoveries . | . . . . . Exploration | -11 -10 -9 -9 -8 ------------- Run | Yrd Mat Mat Min Mat Turns Passed 604 | 61 159 79 52 253 Spaces Moved 654 | 55 142 145 155 157 Core 30 | 8 . . . 22 Treads . | . . . . . Legs . | . . . . . Wheels 262 | 47 142 . . 73 Hover 10 | . . . . 10 Flight 352 | . . 145 155 52 Fastest Speed 31 | 50 90 31 31 31 Average Speed 57 | 84 90 32 31 69 Slowest Speed 150 | 90 90 114 31 150 Overloaded Moves . | . . . . . Propulsion Burnouts . | . . . . . Robots Hopped . | . . . . . Cave-ins Triggered . | . . . . . Exploration Rate (%) 29 | 4 31 28 57 26 Regions Visited 4 Branch Regions 1 Pre-discovered Areas . | . . . . . Known Exits Taken . | . . . . . Unknown Exits Taken 4 | 1 1 1 1 . Scrap Searched . | . . . . . Spaces Dug . | . . . . . Terrain Destroyed 102 | . 18 46 11 27 Melee . | . . . . . Projectile . | . . . . . AOE 102 | . 18 46 11 27 Terrain Rammed . | . . . . . Walls Destroyed . | . . . . . Machines Disabled . | . . . . . Actions | -11 -10 -9 -9 -8 --------- Run | Yrd Mat Mat Min Mat Total 801 | 69 166 169 156 241 Wait 13 | . 4 2 1 6 Move 650 | 54 141 144 154 157 Hop . | . . . . . Pick Up 35 | 11 9 3 . 12 Fast Attach 5 | 1 1 2 . 1 Attach 24 | 3 1 3 . 17 Detach 2 | . . . . 2 Swap 8 | . 2 4 . 2 Drop 12 | . 2 7 . 3 Fire 51 | . 6 4 1 40 Melee . | . . . . . Ram 1 | . . . . 1 Kick . | . . . . . Crush . | . . . . . Escape Stasis . | . . . . . Rewire . | . . . . . Trap . | . . . . . Miscellaneous . | . . . . . Route ------- -11/Scrapyard -10/Materials -9/Materials -9/Mines -8/Materials History --------- Turn | Location | Event 27 | -11/Scrapyard | Discovered new exit (range 16) 62 | -11/Scrapyard | Entered Materials 208 | -10/Materials | Discovered new exit (range 15) 221 | -10/Materials | Entered another Materials area 221 | -9/Materials | Evolved 2 slots: Propulsion x2 296 | -9/Materials | Discovered new exit (range 13) 300 | -9/Materials | Entered Mines 301 | -9/Mines | Assembled infested the area 306 | -9/Mines | Assisted by a Guerilla fighting off Assembled 349 | -9/Mines | Learned Materials security intel 351 | -9/Mines | Discovered new exit (range 5) 352 | -9/Mines | Entered Materials 352 | -8/Materials | Evolved 2 slots: Power x1, Utility x1 567 | -8/Materials | Core integrity fell below 50% 581 | -8/Materials | Garrison activated, responded to threat 587 | -8/Materials | Core integrity fell below 20% 605 | -8/Materials | Destroyed by H-55 Commando with Gauss Rifle Last Messages --------------- 00581_ K-01 Serf destroyed. 00581_ Y-45 Defender destroyed. 00582_ Critical hit (Burn: +37). 00587_ R-06 Scavenger collects Lgt. Ion Engine. 00588_ Sml. Storage Unit destroyed. 00588_ S-10 Pest destroyed. 00591_ Acquired 6 matter. 00592_ Acquired 3 matter. 00593_ Slug penetrates Wall. 00593_ R-06 Scavenger collects Beam Rifle. 00594_ Mni. Grenade Launcher destroyed. 00595_ Acquired Prototype Hover Unit. 00595_ Identified Aerolev Unit. 00596_ Slug penetrates Wall. 00599_ W-25 Informer sends out distress signal. 00602_ Slug penetrates Recycling Unit. 00602_ Recycling Unit disabled. 00602_ U-05 Engineer lays Concrete. 00603_ Acquired Airjet. 00603_ U-05 Engineer lays Concrete. Map ----- +----------------------------------------------------+ | ????????????????????????????????????????? | | ????????????????????????????????????????? | | ????????????????????????????????????????? | | ????????????????????????????????????????? | | ????????????????????????????????????????? | | ????????????????????????????????????????? | | ????????????????????????????????????????? | | ????????????????????????????????????????? | | ????????????????????????????????????????? | | ????????????????????????????????????????? | | ????????????????????????????????????????? | | ????????????????????????????????????????? | | ????????????????????????????????????????? | | ?????????????? ?????????????????????????? | | ?????????????"" ????????????????????????? | | ?????????????? ????????????????????????? | | ??????????????" #######????????????????? | | ??????????????? # #####????????????? | | ???????????????? ????????????? | | ?????????????????# ??????????????? | | ?????????????????# ???????????????? | | ?????????????????# #????????????????? | | ????????????????### ######????????????? | | ??????????####### #[%= [ #????????????? | | ??????????#/[ = % #????????????? | | ??????????#/[ @ #????????????? | | ??????????#[ #????????????? | | ?????????######## #????????????? | | ?????????# "" #????????????? | | ?????????# Y #????????????? | | ?????????# g [ r"" #????????????? | | ?????????# #????????????? | | ?????????# #####????????????? | | ??####???# % ##????????????????? | | ??# ##?# h #########?????????? | | ??? ### !! u # ??????????? | | ??? # ! #wu # """""??????????? | | ???# %########## # """""??????????? | | ???## %! "#??###??# # """""??????????? | | ########%#####T#### + """""??????????? | | % # """""??????????? | | # """""??????????? | | # """"???????????? | | ##### #######+####### ???????????? | | # #??# #########??????????? | | "" # #??# #??????????????????? | | "" + #??# """ #??????????????????? | | "" # #### | """""#??????????????????? | | # / """""#??????????????????? | | ##### #### """""#??????????????????? | +----------------------------------------------------+ Best States ------------- Heat Dissipation 53 Energy Generation 14 Energy Capacity 265 Matter Stores 273 Matter Capacity 300 Sight Range 16 Terrain Scan Density 10 Evasion (%) 63 Item Schematics ----------------- None Robot Schematics ------------------ None Fabricated ------------ Nothing Alien Tech Used ----------------- None Achievements -------------- None Challenges ------------ None Game ------ Seed ThermicTargetCarapace Manual? 0 Play Time 00:16:34 Cumulative 97.0 hours Start 2024.07.11 @ 15:02:18 End 2024.07.11 @ 15:20:17 Sessions 1 Manual Loads 0 Difficulty Rogue Special Mode None Game No. 141 Rogue 141 Adventurer 0 Explorer 0 Win Type - Total 0 Types 0/0/0/0/0/0/0/0/0 Lore% 43 Gallery% 55 Achievement% 35 Wizard Run 0 Options --------- Layout 0 ASCII 0 Keyboard 0 Movement Mouse Keybinds 0 Fullscreen 1 Font 24/Smallcaps Map View 76x50 Zoom Use 0% Tactical HUD 1 Map Filters NONE Filters NONE Steam 1 RUN: ccaad304-5e5e-48d1-89c2-a701e6ff8ad5